 Dungeon Crawl Stone Soup version 0.31.0-12-g77e489cdc1 (webtiles) character file.

Game seed: 17497122972534942931

5346 Marvel the Cleaver (level 10, 0/86 HPs)
             Began as a Hill Orc Fighter on Feb 23, 2024.
             Was a Believer of Beogh.
             Incinerated by a deep elf pyromancer (5 damage)
             ... with a pyre arrow
             ... on level 9 of the Dungeon.
             The game lasted 00:21:11 (9435 turns).

Marvel the Cleaver (Hill Orc Fighter)               Turns: 9435, Time: 00:21:12

Health: 0/86       AC: 19    Str: 30    XL:     10   Next: 65%
Magic:  10/10      EV:  8    Int:  8    God:    Beogh [**....]
Gold:   264        SH:  6    Dex: 16    Spells: 9/9 levels left

rFire   . . .        O - +3 hand axe (freeze)
rCold   . . .        c - +0 buckler
rNeg    . . .        l - +1 plate armour {rPois}
rPois   +            y - +1 helmet
rElec   .            (no cloak)
rCorr   .            t - +0 pair of gloves
SInv    .            u - +0 pair of boots
Will    .....        (no amulet) Stlth
                     p - +6 ring of dexterity
HPRegen 0.34/turn    G - +6 ring of strength
MPRegen 0.12/turn

%: no passive effects
@: on fire, hasted, glowing, very quick
A: no striking features
a: Renounce Religion, Smiting


You were on level 9 of the Dungeon.
You worshipped Beogh.
Beogh was pleased with you.
You visited 1 branch of the dungeon, and saw 9 of its levels.

You collected 264 gold pieces.

Inventory:

Hand Weapons
 b - a +2 battleaxe of freezing
 k - a +1 scimitar of flaming
 O - a +3 hand axe of freezing (weapon)
Missiles
 m - 22 poisoned darts (quivered)
 o - a throwing net
Armour
 c - a +0 buckler (worn)
 l - a +1 plate armour of poison resistance (worn)
 t - a +0 pair of gloves (worn)
 u - a +0 pair of boots (worn)
 v - the +2 robe of Maekk {Will+}
   (You found it on level 4 of the Dungeon)

   Will+:     It increases your willpower.
 y - a +1 helmet (worn)
Jewellery
 p - a +6 ring of dexterity (left hand)
 G - a +6 ring of strength (right hand)
Wands
 E - a wand of paralysis (5)
Scrolls
 e - 4 scrolls of revelation {unknown}
 h - 4 scrolls of teleportation {unknown}
 i - a scroll of amnesia {unknown}
 n - 2 scrolls of identify
 r - 2 scrolls of summoning {unknown}
 w - a scroll of vulnerability {unknown}
 x - a scroll of enchant armour {unknown}
 z - 2 scrolls of fog {unknown}
 A - 3 scrolls of noise {unknown}
 F - a scroll of fear {unknown}
 K - a scroll of silence {unknown}
 N - 2 scrolls of poison {unknown}
Potions
 a - a potion of cancellation {unknown}
 d - a potion of might
 f - 2 potions of haste
 g - 2 potions of ambrosia {unknown}
 j - a potion of degeneration {unknown}
 q - a potion of invisibility
 s - 3 potions of curing
 I - 3 potions of mutation


   Skills:
 + Level 7.4 Fighting
 * Level 13.8 Axes
 + Level 3.5 Throwing
 + Level 8.4 Armour
 - Level 1.4 Dodging
 - Level 2.0 Stealth
 + Level 6.0 Shields


You had 9 spell levels left.
You didn't know any spells.
Your spell library contained the following spells:

 Spells                   Type           Power      Damage    Failure   Level
 Magic Dart               Conj           0%         1d3       98%         1
 Sting                    Conj/Alch      0%         1d3       98%         1
 Ensorcelled Hibernation  Hex/Ice        0%         N/A       99%         2
 Mercury Vapours          Alch/Air       0%         N/A       99%         2
 Searing Ray              Conj           0%         2d4       99%         2
 Passwall                 Erth           0%         N/A       100%        3
 Swiftness                Air            0%         N/A       100%        3
 Tukima's Dance           Hex            0%         N/A       100%        3
 Animate Dead             Necr           0%         N/A       100%        4
 Dimensional Bullseye     Hex/Tloc       0%         N/A       100%        4
 Fulminant Prism          Conj/Alch      0%         3d5       100%        4
 Iskenderun's Mystic Bla  Conj/Tloc      0%         2d3       100%        4
 Olgreb's Toxic Radiance  Alch           0%         N/A       100%        4
 Borgnjor's Vile Clutch   Necr/Erth      0%         N/A       100%        5
 Death Channel            Necr           0%         N/A       100%        6


Dungeon Overview and Level Annotations

Branches:
Dungeon (9/15)             Temple (0/1) D:5
   Lair: D:8-11         Orc: D:9-12

Altars:
Dithmenos
Elyvilon
Hepliaklqana
Makhleb
Qazlal
Vehumet
Yredelemnul
The Shining One

Annotations:
D:6 3 runed translucent doors, H0rd4k's ghost, novice OpSh


Message History

The fire elemental hits you. The fire elemental burns you!
You block the deep elf pyromancer's attack.
You are too injured to fight recklessly!
You are too injured to fight recklessly!
You slash the deep elf pyromancer! You freeze the deep elf pyromancer.
The deep elf pyromancer is moderately wounded.
You hit the fire elemental but do no damage.
The liquid fire burns you! The fire elemental hits you.
The fire elemental burns you!
You hit the deep elf pyromancer. You freeze the deep elf pyromancer.
The deep elf pyromancer is moderately wounded.
You hit the fire elemental but do no damage.
The liquid fire burns you!
The deep elf pyromancer hits you but does no damage.
The fire elemental hits you. The fire elemental burns you!
* * * LOW HITPOINT WARNING * * *
You feel yourself speed up. The liquid fire burns you!
* * * LOW HITPOINT WARNING * * *
The deep elf pyromancer hits you but does no damage.
The fire elemental hits you. The fire elemental burns you!
* * * LOW HITPOINT WARNING * * *
You closely miss the deep elf pyromancer.
The deep elf pyromancer is moderately wounded.
You slash the fire elemental! You freeze the fire elemental.
The liquid fire burns you!
* * * LOW HITPOINT WARNING * * *
The fire elemental hits you. The fire elemental burns you!
* * * LOW HITPOINT WARNING * * *
The deep elf pyromancer hits you but does no damage.
You slash the deep elf pyromancer! You freeze the deep elf pyromancer.
The deep elf pyromancer is severely wounded.
You closely miss the fire elemental. The liquid fire burns you!
* * * LOW HITPOINT WARNING * * *
You hit the deep elf pyromancer. You freeze the deep elf pyromancer.
The deep elf pyromancer is almost dead.
You hit the fire elemental. You freeze the fire elemental.
The liquid fire burns you!
You die...

##.... .......
.#..... .......
....... .......
....... .......
....... ##.......
<......##<...##
..###...[.....#
......).####.....
......E@# #...
.......e$.# .#
..........# .
............
...#.........
..#####........
.. .........
.........


You could see a deep elf pyromancer and a fire elemental (summoned).

Vanquished Creatures
  Erica (D:8)
  Joseph (D:7)
  Jeremiah (D:7)
  Prince Ribbit (D:6)
  3 yaks (D:6)
  A steam dragon (D:7)
  A water moccasin (D:7)
  Duvessa (D:7)
  2 orc warriors
  3 ice beasts
  A sky beast (D:7)
  A centaur (D:7)
  A phantom (D:5)
  6 bullfrogs
  3 scorpions
  16 wights
  Dowan (D:7)
  6 killer bees (D:7)
  A bombardier beetle (D:5)
  A hound (D:7)
  2 orc priests
  4 iguanas
  2 jellies (D:7)
  A sleepcap (D:6)
  A gnoll bouda (D:7)
  Terence (D:3)
  An orc wizard (D:7)
  Robin (D:3)
  6 adders
  17 gnolls
  A shadow imp (D:7)
  3 dart slugs
  A ribbon worm (D:3)
  29 orcs
  9 ball pythons
  4 endoplasms
  3 giant cockroaches
  14 goblins
  9 hobgoblins
  8 jackals
  3 quokkas
  8 bats
  6 frilled lizards
  11 kobolds
  7 rats
204 creatures vanquished.

Notes
Turn   | Place    | Note
-------+----------+-------------------------------------------
     0 | D:1      | Marvel the Hill Orc Fighter began the quest for the Orb.
     0 | D:1      | Reached XP level 1. HP: 19/19 MP: 1/1
   226 | D:1      | Reached XP level 2. HP: 26/27 MP: 2/2
   261 | D:1      | You fall into a shaft and drop 1 floor!
   482 | D:1      | Reached skill level 3 in Axes
   601 | D:1      | Reached XP level 3. HP: 32/33 MP: 3/3
  1131 | D:2      | Found a faded altar of an unknown god.
  1750 | D:3      | Reached XP level 4. HP: 34/40 MP: 4/4
  1883 | D:3      | Noticed Robin
  1895 | D:3      | Killed Robin
  1916 | D:3      | Reached skill level 4 in Axes
  2256 | D:4      | Found a stormy altar of Qazlal.
  2299 | D:4      | Reached XP level 5. HP: 46/46 MP: 5/5
  2744 | D:3      | Noticed Terence
  2765 | D:3      | Killed Terence
  2766 | D:3      | Reached skill level 5 in Axes
  3208 | D:4      | Reached XP level 6. HP: 27/53 MP: 6/6
  3307 | D:4      | Identified the +2 robe of Maekk {Will+}
  3876 | D:4      | Found a basalt altar of Yredelemnul.
  3878 | D:4      | Noticed a profane servitor
  3894 | D:4      | Found a glowing golden altar of the Shining One.
  3991 | D:4      | Found a shadowy altar of Dithmenos.
  4150 | D:5      | Entered Level 5 of the Dungeon
  4180 | D:5      | Reached skill level 6 in Axes
  4273 | D:5      | Found a staircase to the Ecumenical Temple.
  4274 | D:5      | Became a worshipper of Beogh the Brigand
  4289 | D:5      | Reached XP level 7. HP: 42/60 MP: 7/7
  4386 | D:5      | Reached skill level 5 in Armour
  4437 | D:5      | Reached skill level 1 in Dodging
  4536 | D:5      | Reached skill level 7 in Axes
  4794 | D:5      | Reached skill level 5 in Fighting
  4794 | D:5      | Reached XP level 8. HP: 60/68 MP: 8/8
  5102 | D:6      | Reached skill level 8 in Axes
  5171 | D:6      | Found a radiant altar of Vehumet.
  5173 | D:6      | Noticed a yak
  5176 | D:6      | Noticed a yak
  5205 | D:6      | Killed a yak
  5211 | D:6      | Noticed a yak
  5223 | D:6      | Killed a yak
  5224 | D:6      | Reached skill level 9 in Axes
  5224 | D:6      | Reached skill level 1 in Throwing
  5225 | D:6      | Killed a yak
  5654 | D:6      | Reached skill level 1 in Stealth
  5795 | D:5      | Reached skill level 10 in Axes
  5844 | D:6      | Reached * piety under Beogh
  5899 | D:6      | Noticed Prince Ribbit
  5945 | D:6      | Killed Prince Ribbit
  5946 | D:6      | Reached skill level 5 in Shields
  5946 | D:6      | Reached XP level 9. HP: 69/75 MP: 9/9
  6196 | D:6      | Found a white marble altar of Elyvilon.
  6235 | D:6      | Found a runed translucent gate.
  6236 | D:6      | Found a runed translucent gate.
  6236 | D:6      | Noticed H0rd4k's ghost (novice OpSh)
  6237 | D:6      | Found a runed translucent gate.
  6237 | D:6      | Noticed a kobold demonologist
  6477 | D:7      | Reached skill level 11 in Axes
  6545 | D:7      | Noticed Duvessa
  6545 | D:7      | Noticed Dowan
  6558 | D:7      | Killed Duvessa
  6566 | D:7      | Killed Dowan
  6624 | D:7      | Noticed Jeremiah
  6744 | D:7      | Killed Jeremiah
  6745 | D:7      | Reached skill level 12 in Axes
  7091 | D:7      | Noticed Joseph
  7116 | D:7      | Killed Joseph
  7374 | D:7      | Reached XP level 10. HP: 46/84 MP: 10/10
  7971 | D:8      | Noticed Erica
  8002 | D:7      | Reached skill level 13 in Axes
  8208 | D:7      | Reached ** piety under Beogh
  8745 | D:8      | Found a hazy altar of Hepliaklqana.
  8877 | D:8      | Killed Erica
  9296 | D:8      | Identified the +1 helmet of the Charmed Mertaur {Str+2}
  9344 | D:8      | Found a burning altar of Makhleb.
  9420 | D:9      | Noticed a deep elf pyromancer
  9435 | D:9      | Incinerated by a deep elf pyromancer

Illustrated notes

Levels and vault maps discovered:
D:1:      dpeg_arrival_castle, layout_loops_ring, minmay_surrounded
D:2:      layout_loops_cross, shapermc_ecumenical_altar_flowoftime,
          grunt_ministairs_1
D:3:      minmay_razor_zed, layout_basic, uniq_robin, uniq_terence
D:4:      layout_rooms, grunt_temple_overflow_holy_war,
          mainiacjoe_overflow_alcove_2, grunt_qazlal_clouds,
          mainiacjoe_sewer_entry_somewhere_in_here_1
D:5:      layout_basic, minmay_temple_entry_proselytizer, ebering_ghost_sewer_d
D:6:      layout_rooms, marbit_many_paths,
          mainiacjoe_overflow_concentric_impassable,
          gammafunk_ghost_nasty_kobolds, hex_intersection, uniq_prince_ribbit1
D:7:      layout_gridville, uniq_jeremiah, uniq_duvessa, uniq_joseph
D:8:      layout_basic, mainiacjoe_overflow_tiny_flanked,
          mainiacjoe_overflow_alcove_4, uniq_erica
D:9:      layout_cave_pools, nicolae_kikubaaqudgha_miasma_corner, uniq_maurice,
          uniq_psyche, uniq_erolcha

Skill      XL: |  1  2  3  4  5  6  7  8  9 10 |
---------------+-------------------------------+-----
Axes           | 3 4 5 6 7 10 12 13 | 13.8
Fighting       | 4 5 6 7 |  7.4
Armour         | 4 5 6 7 8 |  8.4
Shields        | 4 5 6 |  6.0
Dodging        | 1 |  1.4
Throwing       | 1 3 |  3.5
Stealth        | 1 2 |  2.0

Action                     |  1- 3 |  4- 6 |  7- 9 | 10-12 || total
---------------------------+-------+-------+-------+-------++-------
  Melee: War axe           |   138 |   210 |    29 |       ||   377
         Hand axe          |       |       |   260 |   140 ||   400
  Throw: Dart              |       |    19 |    44 |     6 ||    69
 Invoke: Convert to Beogh  |       |     1 |       |       ||     1
  Evoke: Wand              |       |       |       |     1 ||     1
    Use: Scroll            |       |     1 |       |     5 ||     6
         Potion            |       |       |     1 |     6 ||     7
   Stab: Paralysed         |       |       |       |     4 ||     4
 Armour: Scale mail        |   125 |   135 |    75 |       ||   335
         Plate armour      |       |       |    62 |   146 ||   208
  Dodge: Dodged            |    88 |    84 |    90 |    54 ||   316
  Block: Buckler           |    46 |    54 |    69 |    40 ||   209
